 Dungeon Crawl Stone Soup version 0.24.0-5-g267a8d59f4 (webtiles) character file.

Game seed: 10063528807403282677, levelgen mode: deterministic

10406 Monsterracer the Cleaver (level 11, -14/102 HPs)
             Began as a Deep Dwarf Fighter on Nov 1, 2019.
             Was a Follower of Makhleb.
             Demolished by a two-headed ogre
             ... wielding a +0 giant club
              (19 damage)
             ... on level 10 of the Dungeon.
             The game lasted 00:06:20 (7953 turns).

Monsterracer the Cleaver (Deep Dwarf Fighter)       Turns: 7953, Time: 00:06:21

Health: -14/102    AC: 14    Str: 22    XL:     11   Next: 35%
Magic:  3/3        EV:  7    Int: 10    God:    Makhleb [*.....]
Gold:   536        SH: 12    Dex: 12    Spells: 10/10 levels left

rFire    . . .     SeeInvis +   a - +4 war axe (vamp)
rCold    . . .     Gourm    .   o - +0 shield
rNeg     . . .     Faith    .   k - +0 chain mail
rPois    .         Spirit   .   (no helmet)
rElec    .         Reflect  .   (no cloak)
rCorr    .         Harm     .   (no gloves)
MR       ++...                  n - +2 pair of boots
Stlth    ..........             (no amulet)
HPRegen  0.00/turn              M - ring of protection from magic
MPRegen  0.08/turn              S - ring of see invisible

@: non-regenerating
A: damage resistance, heal wounds, sense surroundings 2, no regeneration
a: Heal Wounds, Renounce Religion


You were on level 10 of the Dungeon.
You worshipped Makhleb.
Makhleb was aware of your devotion.
You were not hungry.

You visited 3 branches of the dungeon, and saw 12 of its levels.

You collected 536 gold pieces.

Inventory:

Hand Weapons
 a - a +4 vampiric war axe (weapon)
   (You found it on level 8 of the Dungeon)
 b - a +2 flail
   (You took it off a wight on level 6 of the Dungeon)
Missiles
 u - 6 throwing nets (quivered) {!f}
Armour
 k - a +0 chain mail (worn)
   (You found it on level 3 of the Dungeon)
 n - a +2 pair of boots (worn)
   (You found it on level 1 of the Dungeon)
 o - a +0 shield (worn)
Jewellery
 C - an uncursed ring of protection from cold
   (You found it on level 4 of the Dungeon)
 M - a ring of protection from magic (left hand)
   (You found it on level 3 of the Dungeon)
 S - a ring of see invisible (right hand)
   (You found it on level 4 of the Dungeon)
Wands
 x - a wand of iceblast (12)
   (You found it on level 7 of the Dungeon)
 y - a wand of acid (4)
   (You found it on level 8 of the Dungeon)
 A - a wand of paralysis (4)
   (You took it off Urug on level 1 of the Lair of Beasts)
Scrolls
 f - 3 scrolls of identify
 l - a scroll of fear {!r}
 m - 2 scrolls of magic mapping
 r - 7 scrolls of remove curse
 t - 4 scrolls of teleportation {!r}
 v - a scroll of fog
 X - a scroll of blinking
Potions
 d - 5 potions of heal wounds
 e - 12 potions of curing
 g - a potion of agility
 h - a potion of haste
 i - a potion of flight
 j - a potion of might
 p - a potion of lignification
 q - a potion of resistance
 s - a potion of mutation {!q}
 w - a potion of cancellation {unknown}
Comestibles
 c - 17 rations


   Skills:
 + Level 7.7 Fighting
 * Level 12.0 Axes
 + Level 9.2 Armour
 + Level 9.3 Shields
 + Level 5.4 Invocations


You had 10 spell levels left.
You didn't know any spells.
Your spell library was empty.

Dungeon Overview and Level Annotations

Branches:
Dungeon (10/15)            Temple (1/1) D:7            Lair (1/6) D:8
    Orc: D:9-12

Altars:
Ashenzari
Cheibriados
Dithmenos
Elyvilon
Fedhas
Gozag
Hepliaklqana
Kikubaaqudgha
Makhleb
Nemelex Xobeh
Okawaru
Qazlal
Ru
Sif Muna
Trog
Uskayaw
Vehumet
Wu Jian
Xom
Yredelemnul
Zin
The Shining One


Innate Abilities, Weirdness & Mutations

You are resistant to damage.
You can heal yourself by infusing magical energy.
You passively map the area around you.
You do not regenerate.


Message History

You are too injured to fight recklessly!
You are too injured to fight recklessly!
You are too injured to fight recklessly!
You are too injured to fight recklessly!
You are too injured to fight recklessly!
You are too injured to fight recklessly!
You are too injured to fight recklessly!
You are too injured to fight recklessly!
You are too injured to fight recklessly!
You block the adder's attack.
You are too injured to fight recklessly!
You are too injured to fight recklessly!
You block the adder's attack.
You hit the adder.
The adder is heavily wounded.
You block the adder's attack.
You slash the adder!
You kill the adder!
Makhleb accepts your kill.
You feel better.
You see here an adder corpse.
Found 12 poisoned darts.
You open the door.
There is an open door here.
As you open the door, it creaks loudly!
There is an open door here.
You open the door.
Found 15 arrows.
There is an open door here.
A hound comes into view.
The hound barks!
Found a ring mail.
A hound is nearby!
The hound bites you.
A hound is nearby!
You miss the hound. You block the hound's attack.
A hound is nearby!
You closely miss the hound. You block the hound's attack.
Your chain mail prevents you from hitting the hound.
The hound barely misses you. The hound bites you but does no damage.
You slash the hound!
The hound is severely wounded.
The hound bites you.
A hound is nearby!
A hound is nearby!
You hit the hound.
You feel better.
The hound is almost dead.
You block the hound's attack. x2
A hound is nearby!
You slash the hound!
You feel better.
You kill the hound!
Makhleb accepts your kill.
You now have 536 gold pieces (gained 10).
A two-headed ogre comes into view. It is wielding two +0 giant clubs.
The two-headed ogre shouts in stereo!
A two-headed ogre is nearby!
A two-headed ogre is nearby!
The two-headed ogre barely misses you.
The two-headed ogre hits you with a +0 giant club!
A two-headed ogre is nearby!
You feel much better. You block the two-headed ogre's attack.
The two-headed ogre hits you with a +0 giant club!
You hit the two-headed ogre.
You feel better.
The two-headed ogre is lightly wounded.
You hit the two-headed ogre but do no damage.
The two-headed ogre is lightly wounded.
The two-headed ogre hits you with a +0 giant club.
The two-headed ogre hits you with a +0 giant club!!
You are too injured to fight recklessly!
You slash the two-headed ogre!
You feel better.
The two-headed ogre is lightly wounded.
The two-headed ogre hits you with a +0 giant club!
The two-headed ogre hits you but does no damage.
You are too injured to fight recklessly!
You hit the two-headed ogre.
You feel better.
The two-headed ogre is moderately wounded.
You block the two-headed ogre's attack.
The two-headed ogre hits you with a +0 giant club.
You are too injured to fight recklessly!
You barely miss the two-headed ogre.
The two-headed ogre is moderately wounded.
You barely miss the two-headed ogre.
The two-headed ogre is moderately wounded.
The two-headed ogre hits you with a +0 giant club. x2
You completely miss the two-headed ogre.
The two-headed ogre is moderately wounded.
You block the two-headed ogre's attack.
The two-headed ogre hits you but does no damage.
You hit the two-headed ogre.
The two-headed ogre is moderately wounded.
You block the two-headed ogre's attack.
The two-headed ogre hits you with a +0 giant club!
You closely miss the two-headed ogre.
The two-headed ogre is moderately wounded.
You closely miss the two-headed ogre.
The two-headed ogre is moderately wounded.
The two-headed ogre hits you with a +0 giant club!!
* * * LOW HITPOINT WARNING * * *
The two-headed ogre hits you with a +0 giant club!!
You die...

, * , ,* , , *, , * ,, ,, *
, , ####+# * + * , ....# ,
, *#...# ,, , , * , ,
#...+, , ,* ,, , , , ,
*#...# , ,, ,
##..O#*#######* ,
,#...@##.......#,, +
##...+........#,,, ,
#[..#........# , * , ,,,
#...##.......# ,
##...##.......# , ,
#.............# , * ,
#.............# ####### ,
##...##.......#
......#+######...##.......#
,


You could see a two-headed ogre.

Vanquished Creatures
  Harold (D:8)
  A hydra (Lair:1)
  A two-headed ogre (D:9)
  Urug (Lair:1)
  Pikel (D:6)
  A black mamba (Lair:1)
  5 spiny frogs (Lair:1)
  A komodo dragon (Lair:1)
  A rime drake (Lair:1)
  A hippogriff (D:8)
  Eustachio (D:5)
  2 hungry ghosts (D:9)
  Menkaure (D:7)
  2 wargs (D:8)
  2 water moccasins (Lair:1)
  2 porcupines (Lair:1)
  An ice beast (D:9)
  A black bear (D:6)
  An orc warrior (D:7)
  2 sky beasts (D:7 D:8)
  A necrophage (D:6)
  A phantom (D:8)
  2 slaves (D:6)
  4 ogres (D:4 D:6 D:9)
  3 centaurs (D:5 D:7)
  11 crocodiles (Lair:1)
  Blork the orc (D:6)
  A big kobold (D:7)
  4 bullfrogs (D:7 D:8 Lair:1)
  A wyvern skeleton (D:9)
  2 scorpions (D:5 D:6)
  5 wights (D:6)
  3 crimson imps (D:5 D:7 D:8)
  3 hounds (D:6 D:10)
  A quasit (D:8)
  8 orc wizards (D:6 D:7 D:8 D:9)
  An orc priest (D:6)
  2 iguanas (D:4 D:6)
  5 worker ants (D:3 D:4 D:6 D:9)
  A worker ant zombie (D:9)
  7 adders (D:2 D:3 D:4 D:5 D:9)
  A howler monkey skeleton (D:8)
  4 gnolls (D:7)
  A shadow imp (D:6)
  2 oozes (D:2 D:8)
  An adder skeleton (D:6)
  An adder zombie (D:6)
  2 worms (D:2)
  4 leopard geckos (D:2 D:3 D:4 D:9)
  19 orcs (D:6 D:7 D:8 D:9)
  8 bats (D:1 D:2 D:3)
  2 bat zombies (D:2)
  4 giant cockroaches (D:1 D:2 D:3)
  10 goblins (D:1 D:2 D:3)
  14 hobgoblins (D:1 D:2 D:3)
  9 jackals (D:2 D:6 D:9)
  5 quokkas (D:2 D:3 D:4 D:7)
  2 ball pythons (D:2 D:3)
  4 frilled lizards (D:1 D:2 D:5)
  12 kobolds (D:1 D:2 D:3 D:7)
  7 rats (D:1 D:2 D:3)
  A rat zombie (D:2)
209 creatures vanquished.

Vanquished Creatures (others)
  A black bear (D:6)
  A plant (D:8)
2 creatures vanquished.

Grand Total: 211 creatures vanquished

Notes
Turn   | Place    | Note
-------+----------+-------------------------------------------
     0 | D:1      | Monsterracer the Deep Dwarf Fighter began the quest for the
                  | Orb.
     0 | D:1      | Reached XP level 1. HP: 20/20 MP: 1/1
   183 | D:1      | Reached XP level 2. HP: 27/27 MP: 2/2
   395 | D:1      | Found a glowing golden altar of the Shining One.
   767 | D:2      | Reached skill level 3 in Axes
   776 | D:2      | Reached XP level 3. HP: 23/33 MP: 3/3
   895 | D:2      | HP: 16/34 [worm (3)]
   980 | D:2      | Reached XP level 4. HP: 42/42 MP: 4/4
  1279 | D:2      | Found an ancient bone altar of Kikubaaqudgha.
  1470 | D:2      | Found a hazy altar of Hepliaklqana.
  1968 | D:3      | Found a shimmering blue altar of Sif Muna.
  2012 | D:3      | Reached XP level 5. HP: 35/49 MP: 5/5
  2017 | D:3      | Reached skill level 4 in Axes
  2935 | D:4      | Noticed an ogre
  2937 | D:4      | HP: 24/49 [ogre/+0 giant club (2)]
  2948 | D:4      | Killed an ogre
  2948 | D:4      | Reached XP level 6. HP: 51/57 MP: 6/6
  3238 | D:5      | Entered Level 5 of the Dungeon
  3442 | D:5      | Noticed Eustachio
  3479 | D:5      | Killed Eustachio
  3479 | D:5      | Reached skill level 5 in Axes
  3753 | D:5      | Reached XP level 7. HP: 54/64 MP: 7/7
  3766 | D:5      | Reached skill level 5 in Armour
  3766 | D:5      | Reached skill level 5 in Shields
  3868 | D:6      | Reached skill level 6 in Axes
  3903 | D:6      | Noticed Pikel
  3925 | D:6      | HP: 31/64 [Pikel/+0 whip of freezing (2)]
  3937 | D:6      | HP: 29/64 [Pikel/+0 whip of freezing (1)]
  3943 | D:6      | HP: 22/64 [slave[Pikel] (3)]
  3952 | D:6      | HP: 29/64 [slave[Pikel] (5)]
  3953 | D:6      | Killed Pikel
  3953 | D:6      | Reached skill level 7 in Axes
  3953 | D:6      | Reached XP level 8. HP: 29/73 MP: 7/7
  4020 | D:6      | HP: 36/73 [wight/+2 flail (1)]
  4030 | D:6      | Reached skill level 5 in Fighting
  4183 | D:6      | Noticed Blork the orc
  4191 | D:6      | HP: 29/74 [ogre/+0 giant club (11)]
  4204 | D:6      | Found a sacrificial altar of Ru.
  4254 | D:6      | Reached skill level 8 in Axes
  4258 | D:6      | Killed Blork the orc
  4611 | D:7      | Found a staircase to the Ecumenical Temple.
  4651 | D:7      | Found an ornate altar of the Wu Jian Council.
  4660 | D:7      | Gained mutation: You passively map the area around you.
                  | [Deep Dwarf growth]
  4660 | D:7      | Reached XP level 9. HP: 67/81 MP: 5/5
  4686 | Temple   | Entered the Ecumenical Temple
  4894 | D:7      | Found a glowing silver altar of Zin.
  4894 | D:7      | Noticed an angel
  4896 | D:7      | Found a shimmering altar of Xom.
  5123 | D:7      | Found a shadowy altar of Dithmenos.
  5337 | D:7      | Reached skill level 9 in Axes
  5446 | D:7      | Noticed Menkaure
  5450 | D:7      | Killed Menkaure
  5461 | D:7      | Found an ornate altar of the Wu Jian Council.
  5762 | D:8      | Noticed Harold
  5776 | D:8      | HP: 40/82 [Harold/+0 trident (5)]
  5782 | D:8      | HP: 41/82 [Harold/+0 trident (13)]
  5787 | D:8      | HP: 33/82 [Harold/+0 trident (8)]
  5801 | D:8      | HP: 36/82 [Harold/+0 trident (9)]
  5808 | D:8      | Killed Harold
  5808 | D:8      | Reached skill level 10 in Axes
  5912 | D:8      | Reached XP level 10. HP: 79/92 MP: 3/3
  5948 | D:8      | HP: 45/92 [orc warrior/+1 vampiric war axe (14)]
  5976 | D:8      | Found a staircase to the Lair.
  6161 | D:8      | Found a glowing golden altar of the Shining One.
  6161 | D:8      | Found a faded altar of an unknown god.
  6166 | D:8      | Found a snail-covered altar of Cheibriados.
  6169 | D:8      | Found a faded altar of an unknown god.
  6171 | D:8      | Found a burning altar of Makhleb.
  6255 | D:8      | Became a worshipper of Makhleb the Destroyer
  6394 | D:9      | Noticed a two-headed ogre
  6401 | D:9      | HP: 39/92 [two-headed ogre/+0 giant club (16)]
  6405 | D:9      | Killed a two-headed ogre
  6405 | D:9      | Reached skill level 1 in Invocations
  6458 | D:9      | HP: 42/92 [adder (2)]
  6528 | D:9      | HP: 44/92 [ogre/+0 giant spiked club (5)]
  7075 | Lair:1   | Entered Level 1 of the Lair of Beasts
  7094 | Lair:1   | HP: 46/94 [crocodile (7)]
  7099 | Lair:1   | HP: 32/94 [crocodile (6)]
  7100 | Lair:1   | Reached * piety under Makhleb
  7119 | Lair:1   | Reached skill level 11 in Axes
  7221 | Lair:1   | Noticed a spiny frog
  7229 | Lair:1   | Killed a spiny frog
  7291 | Lair:1   | Noticed a spiny frog
  7293 | Lair:1   | Noticed a black mamba
  7299 | Lair:1   | HP: 37/94 [spiny frog (16)]
  7304 | Lair:1   | HP: 42/94 [poisoned by a spiny frog]
  7307 | Lair:1   | HP: 18/94 [black mamba (4)]
  7309 | Lair:1   | Killed a spiny frog
  7310 | Lair:1   | Killed a black mamba
  7325 | Lair:1   | Found a radiant altar of Vehumet.
  7374 | Lair:1   | Noticed a spiny frog
  7376 | Lair:1   | HP: 28/94 [rime drake/flash freeze (6)]
  7381 | Lair:1   | HP: 38/94 [spiny frog (14)]
  7389 | Lair:1   | Killed a spiny frog
  7389 | Lair:1   | Reached XP level 11. HP: 62/100 MP: 5/5
  7429 | Lair:1   | HP: 45/100 [komodo dragon (18)]
  7433 | Lair:1   | HP: 16/100 [komodo dragon (17)]
  7486 | Lair:1   | Noticed Urug
  7489 | Lair:1   | HP: 32/100 [Urug/+4 long sword of flaming (21)]
  7505 | Lair:1   | Killed Urug
  7627 | Lair:1   | Reached skill level 5 in Invocations
  7691 | Lair:1   | Noticed a seven-headed hydra
  7698 | Lair:1   | HP: 43/100 [seven-headed hydra (10)]
  7701 | Lair:1   | HP: 21/100 [seven-headed hydra (1)]
  7703 | Lair:1   | Killed a seven-headed hydra
  7703 | Lair:1   | Reached skill level 12 in Axes
  7877 | D:10     | Entered Level 10 of the Dungeon
  7939 | D:10     | Noticed a two-headed ogre
  7942 | D:10     | HP: 48/102 [two-headed ogre/+0 giant club (7)]
  7949 | D:10     | HP: 36/102 [two-headed ogre/+0 giant club (2)]
  7953 | D:10     | HP: 5/102 [two-headed ogre/+0 giant club (27)]
  7953 | D:10     | Demolished by a two-headed ogre

Levels and vault maps discovered:
D:1:      dpeg_arrival_subterranean_lakeside_camping, layout_basic,
          tso_metal_star
D:2:      layout_basic, lemuel_zombie_altar_kikubaaqudgha, marbit_many_paths,
          first_ration
D:3:      layout_basic, lemuel_blue_sif_altar, st_stairs_13
D:4:      layout_basic, chequers_serial_rivers_micro_a,
          chequers_serial_rivers_micro_c, serial_park_tiny_1, bh_walls_and_bars
D:5:      layout_loops_ring, uniq_eustachio
D:6:      layout_cave_pools, lemuel_crystal_altar, serial_column_ruins,
          column_ruins_open_large, column_ruins_open_tiny, column_ruins_grid_2,
          column_ruins_grid_1, column_ruins_open_large, uniq_blork_the_orc,
          uniq_pikel
D:7:      layout_gridville, grunt_temple_overflow_order_and_chaos_1,
          kennysheep_mini_moat, nicolae_dithmenos_the_darkroom,
          temple_fountains, basic_altar, uniq_menkaure
D:8:      layout_basic, chequers_temple_overflow_minitemple,
          erik_lair_orcish_takeover, uniq_harold
D:9:      layout_basic, grunt_ogre_cave
D:10:     layout_gridville, serial_shops, shop, lightli_minifort
Temple:   jpeg_temple_clearing
Lair:1:   layout_gridlike, basic_altar, beast_lair_carwin_4, uniq_urug

Skill      XL: |  1  2  3  4  5  6  7  8  9 10 11 |
---------------+----------------------------------+-----
Axes           | 3 4 5 7 8 10 11 12 | 12.0
Fighting       | 3 4 5 6 7 |  7.7
Shields        | 4 5 6 7 8 9 |  9.3
Armour         | 4 5 6 7 8 9 |  9.2
Invocations    | 4 5 |  5.4

Action                   |  1- 3 |  4- 6 |  7- 9 | 10-12 || total
-------------------------+-------+-------+-------+-------++-------
Melee: War axe           |   152 |   226 |   377 |   286 ||  1041
       Flail             |       |       |       |     7 ||     7
 Abil: Heal Wounds       |     1 |     3 |    16 |    16 ||    36
Evoke: Wand              |       |       |       |     3 ||     3
  Use: Scroll            |       |    15 |     3 |     9 ||    27
       Potion            |       |       |       |     2 ||     2
  Eat: Chunk             |     1 |     5 |     7 |    13 ||    26
       Ration            |       |     1 |       |       ||     1
Armor: Scale mail        |    67 |    37 |       |       ||   104
       Chain mail        |       |    71 |   251 |   113 ||   435
Dodge: Dodged            |    43 |    52 |   112 |    75 ||   282
Block: Shield            |    87 |   133 |   245 |   162 ||   627
